 Dungeon Crawl Stone Soup version 0.24.0-13-gcf9b3192b9 (webtiles) character file.

Game seed: 3680645861241713662, levelgen mode: deterministic

114 sking99 the Firebug (level 4, -4/24 HPs)
             Began as a Deep Elf Fire Elementalist on Nov 9, 2019.
             Shot with an arrow by a centaur (10 damage)
             ... on level 3 of the Dungeon.
             The game lasted 00:05:01 (2757 turns).

sking99 the Firebug (Deep Elf Fire Elementalist)    Turns: 2757, Time: 00:05:01

Health: -4/24      AC:  3    Str:  6    XL:     4   Next: 67%
Magic:  9/12       EV: 14    Int: 20    God:
Gold:   123        SH:  0    Dex: 15    Spells: 1/11 levels left

rFire    . . .     SeeInvis .   (no weapon)
rCold    . . .     Gourm    .   (no shield)
rNeg     . . .     Faith    .   a - +0 robe
rPois    .         Spirit   .   (no helmet)
rElec    .         Reflect  .   (no cloak)
rCorr    .         Harm     .   (no gloves)
MR       .....                  g - +0 pair of boots
Stlth    ++........             (no amulet)
HPRegen  0.08/turn              (no ring)
MPRegen  0.13/turn              (no ring)

@: no status effects
A: no striking features
a: no special abilities


You were on level 3 of the Dungeon.
You were not hungry.

You visited 1 branch of the dungeon, and saw 3 of its levels.

You collected 123 gold pieces.

Inventory:

Armour
 a - a +0 robe (worn)
 g - a +0 pair of boots (worn)
Jewellery
 k - an uncursed amulet of the acrobat {unknown}
Wands
 b - a wand of digging (6)
Scrolls
 e - 2 scrolls of remove curse {unknown}
 f - a scroll of enchant weapon {unknown}
 i - 2 scrolls of magic mapping {unknown}
 l - a scroll of identify {unknown}
 n - a scroll of immolation {unknown}
 p - a scroll of noise {unknown}
 t - a scroll of enchant armour {unknown}
 u - 2 scrolls of teleportation {unknown}
Potions
 d - a potion of berserk rage {unknown}
 h - a potion of cancellation {unknown}
 j - a potion of flight {unknown}
 m - a potion of brilliance {unknown}
 o - 2 potions of lignification {unknown}
 q - 2 potions of curing {unknown}
 r - 2 potions of agility {unknown}
Comestibles
 c - 4 rations
 s - 2 chunks of flesh


   Skills:
 + Level 3.6 Dodging
 - Level 2.4 Stealth
 + Level 4.1 Spellcasting
 + Level 2.6 Conjurations
 + Level 4.1 Fire Magic


You had one spell level left.
You knew the following spells:

 Your Spells              Type           Power        Failure   Level  Hunger
a - Flame Tongue          Conj/Fire      ###..        3%          1    None
b - Throw Flame           Conj/Fire      ###...       4%          2    #......
c - Conjure Flame         Conj/Fire      ###.....     10%         3    ###....
d - Sticky Flame          Conj/Fire      ###.....     30%         4    ####...

Your spell library contained the following spells:

 Spells                   Type           Power        Failure   Level  Hunger
 Inner Flame              Hex/Fire       ##......     16%         3    ###....
 Fireball                 Conj/Fire      ###.......   65%         5    ######.


Dungeon Overview and Level Annotations

Branches:
Dungeon (3/15)

Altars:


Message History

Found a ration.
The centaur wields a +0 shortbow.
The centaur shoots an arrow.
The arrow hits you!
Ouch! That really hurt!
You see here an arrow.
The centaur shoots an arrow.
The arrow closely misses you.
The centaur shoots an arrow.
The arrow barely misses you.
The centaur shoots an arrow.
The arrow barely misses you.
You see here an arrow.
The centaur shoots an arrow.
The arrow closely misses you.
You see here an arrow.
Casting: Flame Tongue (safe; 3% risk of failure)
Confirm with . or Enter, or press ? or * to list all spells.
Aiming: Conjure Flame (safe; 10% risk of failure)
Press: ? - help, Dir - move target cursor The fire ignites!
The centaur shoots an arrow.
The arrow barely misses you.
The centaur shoots an arrow.
The arrow hits you.
* * * LOW HITPOINT WARNING * * *
The centaur shoots an arrow.
The arrow hits you!
You die...

#.# #.#
######c##.#.#
#c...(........
###ยง#######.....
#.....# ###%
#.###.### #.#
#(..# #.###.#@#
#.....#.#
#######.# #.# #.#
#.#######.#
#......)..#
#..######## #..##


You could see a centaur.

Vanquished Creatures
  Ijyb (D:2)
  2 adders (D:2)
  2 oozes (D:1)
  A worm (D:2)
  2 dart slugs
  A leopard gecko (D:1)
  3 giant cockroaches
  7 goblins
  4 hobgoblins
  11 jackals
  2 bats (D:1)
  5 frilled lizards
  8 kobolds
  5 rats
54 creatures vanquished.

Notes
Turn   | Place    | Note
-------+----------+-------------------------------------------
     0 | D:1      | sking99 the Deep Elf Fire Elementalist began the quest for
                  | the Orb.
     0 | D:1      | Reached XP level 1. HP: 10/10 MP: 6/6
   409 | D:1      | Reached XP level 2. HP: 15/15 MP: 6/8
   498 | D:1      | Learned a level 2 spell: Throw Flame
   731 | D:1      | Reached XP level 3. HP: 19/19 MP: 7/10
  1097 | D:1      | Learned a level 3 spell: Conjure Flame
  1813 | D:2      | Reached XP level 4. HP: 11/24 MP: 3/11
  2128 | D:2      | Learned a level 4 spell: Sticky Flame
  2520 | D:3      | Noticed Ijyb
  2562 | D:2      | Killed Ijyb
  2741 | D:3      | Noticed a centaur
  2757 | D:3      | Shot with an arrow by a centaur

Levels and vault maps discovered:
D:1:      dpeg_arrival_fog, layout_rooms, serial_bayou, serial_bayou_shore_a,
          serial_bayou_pond_a, serial_bayou_shore_b, serial_bayou_lake_a,
          hangedman_decor_diamond_cutter
D:2:      layout_loops_ring
D:3:      layout_loops_ring, minivault_19, uniq_ijyb, uniq_jessica

Skill      XL: |  1  2  3  4 |
---------------+-------------+-----
Dodging        | 3 |  3.6
Conjurations   | 2 |  2.6
Spellcasting   | 4 |  4.1
Fire Magic     | 4 |  4.1
Stealth        | |  2.4

Action                   |  1- 3 |  4- 6 || total
-------------------------+-------+-------++-------
Melee: Unarmed           |       |    16 ||    16
 Cast: Flame Tongue      |    58 |    18 ||    76
       Throw Flame       |    19 |    12 ||    31
       Conjure Flame     |     1 |     1 ||     2
  Eat: Chunk             |     3 |     4 ||     7
Armor: Robe              |     9 |     3 ||    12
Dodge: Dodged            |    19 |    21 ||    40
